 Dungeon Crawl Stone Soup version 0.31.0-11-ge490571c62 (webtiles) character file.

Game seed: 13622548804132999543

2516 Drazool the Changeling (level 9, 0/84 HPs)
             Began as a Naga Shapeshifter on Jan 30, 2024.
             Was a Believer of Uskayaw.
             Slain by a human (4 damage)
             ... on level 7 of the Dungeon.
             The game lasted 00:20:18 (6663 turns).

Drazool the Changeling (Naga Shapeshifter)          Turns: 6663, Time: 00:20:19

Health: 0/84       AC:  4    Str: 16    XL:     9   Next: 54%
Magic:  12/12      EV: 15    Int: 10    God:    Uskayaw [**....]
Gold:   143        SH:  0    Dex: 16    Spells: 8/8 levels left

rFire   . .          .
                       - Unarmed
rCold   . . .        (shield currently unavailable)
rNeg    + . .        a - melded +1 animal skin
rPois   +            (no helmet)
rElec   .            j - +0 cloak
rCorr   .            (no gloves)
SInv    +            (no barding)
Will    +....        g - amulet of the acrobat
Stlth   +            N - ring of positive energy
HPRegen 0.34/turn    (no ring)
MPRegen 0.13/turn

%: acrobat
@: flux-form, glowing, very slow
A: glow, contaminating, AC +3, large, see invisible, deformed body, poison
resistance, slowness 2, spit poison 1, naga tail 1
a: Spit Poison, Begin Untransformation, Renounce Religion, Stomp, Line Pass


You were on level 7 of the Dungeon.
You worshipped Uskayaw.
Uskayaw was noncommittal.
You were something dangerously unstable.
You visited 2 branches of the dungeon, and saw 8 of its levels.

You collected 407 gold pieces.
You spent 264 gold pieces at shops.


Innate Abilities, Weirdness & Mutations

You are something dangerously unstable.
You glow with magical radiation, making you easy to see and hit.
Foes you strike become dangerously contaminated with magical radiation.
You are incapable of wielding weapons or throwing items.
Your serpentine skin is tough. (AC +3)
You have supernaturally acute eyesight. (SInv)
Armour fits poorly on your strangely shaped body.
Your system is resistant to poisons. (rPois)
You cover ground very slowly.
You can spit poison.
You have a snake-like lower body.


   Skills:
 + Level 6.3 Fighting
 - Level 3.0 Dodging
 - Level 4.0 Stealth
 - Level 7.0 Unarmed Combat
 - Level 4.0 Invocations
 - Level 7.0 Shapeshifting


You had 8 spell levels left.
You didn't know any spells.
Your spell library contained the following spells:

 Spells                   Type           Power      Damage    Failure   Level
 Cigotuvi's Dreadful Rot  Necr/Alch/Air  0%         N/A       50%         2
 Ensorcelled Hibernation  Hex/Ice        0%         N/A       50%         2
 Jinxbite                 Hex            0%         N/A       50%         2
 Call Canine Familiar     Summ           0%         N/A       75%         3
 Fugue of the Fallen      Necr           0%         N/A       75%         3
 Ozocubu's Armour         Ice            0%         N/A       75%         3
 Passwall                 Erth           0%         N/A       75%         3
 Sigil of Binding         Hex            0%         N/A       75%         3
 Swiftness                Air            0%         N/A       75%         3
 Brom's Barrelling Bould  Conj/Erth      0%         2d3       98%         4
 Dimensional Bullseye     Hex/Tloc       0%         N/A       98%         4
 Ignite Poison            Fire/Alch      0%         N/A       98%         4
 Manifold Assault         Tloc           0%         N/A       98%         4
 Fireball                 Conj/Fire      0%         3d3       100%        5
 Freezing Cloud           Conj/Ice/Air   0%         6-21      100%        5
 Iskenderun's Battlesphe  Conj           0%         2d6       100%        5
 Yara's Violent Unravell  Hex/Alch       0%         3d3       100%        5
 Conjure Ball Lightning   Conj/Air       0%         3x3d6     100%        6
 Enfeeble                 Hex            0%         N/A       100%        7
 Orb of Destruction       Conj           0%         9d5       100%        7

Inventory:

Armour
 a - a +1 animal skin (melded)
 i - a +0 kite shield
 j - a +0 cloak (worn)
 q - a +0 pair of gloves
Magical Staves
 s - a staff of death {!a}
Jewellery
 g - an amulet of the acrobat (around neck)
 l - an amulet of regeneration
 N - a ring of positive energy (left hand)
Talismans
 c - a beast talisman
 d - a flux talisman (active)
Wands
 n - a wand of mindburst (8)
 u - a wand of flame (1)
Scrolls
 o - 3 scrolls of teleportation {@r2}
 t - a scroll of immolation {unknown}
 x - a scroll of identify {unknown}
 y - a scroll of fear
Potions
 b - a potion of lignification
 e - 3 potions of curing {unknown}
 f - 6 potions of heal wounds {@q2}
 h - 4 potions of degeneration {unknown}
 k - a potion of ambrosia {unknown}
 m - a potion of berserk rage {unknown}
 p - 3 potions of mutation {unknown}
 r - 2 potions of enlightenment
 v - a potion of might
 w - a potion of resistance

Dungeon Overview and Level Annotations

Branches:
Dungeon (7/15)             Temple (1/1) D:6

Altars:
Ashenzari
Cheibriados
Elyvilon
Fedhas
Gozag
Hepliaklqana
Kikubaaqudgha
Makhleb
Nemelex Xobeh
Okawaru
Qazlal
Ru
Trog
Uskayaw
Vehumet
Xom
Yredelemnul
Zin

Shops:
D:7 !

Annotations:
D:5 1 runed translucent door, Crazy Yiuf

...##................##
...##......#...>....##
>...#..##..###.......###
#..........####........#
........#....##........#
....#...#...####........
........##### ##........
........# #.........
........## #)pp.....#
.........# #..pp.....#
.........# ###..###..#
.........## ..## ...
..........## ... .#
...........# ....
..........## ....
#......#.## ...###
##########


You could see 3 humans.


Message History

Unknown command.
You hit the human.
The human shudders as magic cascades through it!!
You kill the human!
The human unwields a +0 sling.
The human barely misses you. x2
The human hits you.
* * * LOW HITPOINT WARNING * * *
You can now pass through a line of other dancers.
Your Fighting skill increases to level 6!
You hit the human but do no damage.
The human begins to glow.
The human hits you with a +0 mace.
* * * LOW HITPOINT WARNING * * *
The human misses you. The human hits you.
* * * LOW HITPOINT WARNING * * *
Unknown command.
You hit the human.
The human glows dangerously bright.
The human is lightly wounded.
The human hits you with a +0 mace.
* * * LOW HITPOINT WARNING * * *
The human hits you!
* * * LOW HITPOINT WARNING * * *
The human closely misses you.
You hit the human but do no damage.
The human shudders as magic cascades through it!
The human twists and deforms.
The human is severely wounded.
The human hits you with a +0 mace.
* * * LOW HITPOINT WARNING * * *
The human hits you.
You die...

Skill      XL: |  1  2  3  4  5  6  7  8  9 |
---------------+----------------------------+-----
Unarmed Combat | 4 5 7 |  7.0
Fighting       | 2 3 5 6 |  6.3
Dodging        | 2 3 |  3.0
Shapeshifting  | 4 6 7 |  7.0
Invocations    | 4 |  4.0
Stealth        | 4 |  4.0

Action                     |  1- 3 |  4- 6 |  7- 9 || total
---------------------------+-------+-------+-------++-------
  Melee: Unarmed           |    65 |   173 |   178 ||   416
         Punch             |     1 |     4 |     3 ||     8
Ability: Spit Poison       |    26 |    37 |    35 ||    98
    Use: Scroll            |     2 |     4 |     2 ||     8
         Potion            |       |     1 |       ||     1
   Stab: Paralysed         |       |       |     3 ||     3
 Armour: Animal skin       |    36 |    86 |    62 ||   184
         Skin              |       |       |    46 ||    46
  Dodge: Dodged            |    18 |    71 |   107 ||   196
   Form: Beast             |       |     2 |       ||     2
                           |       |     1 |       ||     1
         Flux              |       |       |     1 ||     1

Levels and vault maps discovered:
D:1:      minmay_arrival_radiant_lines, layout_rooms,
          ebering_ecumenical_altar_hall, st_stairs_13
D:2:      layout_basic
D:3:      layout_basic, portal_sewer_entry_e, grunt_ministairs_5
D:4:      layout_loops_corners, saegor_snake_ambush
D:5:      minmay_skewed_foursquare, layout_basic, uniq_crazy_yiuf_cottage
D:6:      layout_cave_pools, grunt_temple_overflow_lords_of_destruction,
          nicolae_ru_path_of_blood, beargit_hepliaklqana_dungeon_heroes,
          nemelex_spade_bored_becter, temple_hall
D:7:      layout_cave_pools, serial_shops, nicolae_shop_industrial_runoff,
          minmay_ruffians
Temple:   nicolae_temple_ecumenical_triangle

Notes
Turn   | Place    | Note
-------+----------+-------------------------------------------
     0 | D:1      | Drazool the Naga Shapeshifter began the quest for the Orb.
     0 | D:1      | Reached XP level 1. HP: 18/18 MP: 1/1
    44 | D:1      | Reached XP level 2. HP: 24/25 MP: 2/2
   208 | D:1      | Reached skill level 4 in Unarmed Combat
   208 | D:1      | Reached XP level 3. HP: 15/31 MP: 3/3
   541 | D:1      | Found a faded altar of an unknown god.
  1002 | D:2      | Reached XP level 4. HP: 38/38 MP: 4/4
  1098 | D:2      | Reached skill level 5 in Unarmed Combat
  1141 | D:2      | Identified the +4 hand axe of Fiazoi {venom, Str+3}
  1400 | D:2      | Reached skill level 2 in Fighting
  1400 | D:2      | Reached XP level 5. HP: 41/46 MP: 5/5
  1704 | D:3      | Reached skill level 3 in Fighting
  1732 | D:3      | Reached skill level 2 in Dodging
  1756 | D:3      | HP: 4/49 [ribbon worm (7)]
  2499 | D:3      | Reached XP level 6. HP: 50/56 MP: 6/6
  2712 | D:3      | Reached skill level 3 in Dodging
  3492 | D:4      | Reached skill level 4 in Shapeshifting
  3578 | D:4      | Reached XP level 7. HP: 61/62 MP: 7/7
  4002 | D:5      | Entered Level 5 of the Dungeon
  4022 | D:5      | Reached skill level 5 in Shapeshifting
  4391 | D:5      | Reached skill level 6 in Shapeshifting
  4630 | D:5      | Reached XP level 8. HP: 35/69 MP: 8/8
  4905 | D:5      | Found a runed translucent door.
  4906 | D:5      | Noticed Crazy Yiuf
  5096 | D:6      | Reached skill level 7 in Shapeshifting
  5282 | D:6      | Found a sparkling altar of Nemelex Xobeh.
  5314 | D:6      | Found a staircase to the Ecumenical Temple.
  5383 | Temple   | Entered the Ecumenical Temple
  5389 | Temple   | Became a worshipper of Uskayaw the Reveller
  5510 | D:6      | Found a burning altar of Makhleb.
  5510 | D:6      | Found a radiant altar of Vehumet.
  5514 | D:6      | Reached * piety under Uskayaw
  5516 | D:6      | Reached ** piety under Uskayaw
  5518 | D:6      | Reached skill level 6 in Unarmed Combat
  5543 | D:6      | Found a hazy altar of Hepliaklqana.
  5543 | D:6      | Noticed Edmund
  5560 | D:6      | Killed Edmund
  5640 | D:6      | Found a faded altar of an unknown god.
  5778 | D:6      | Found a sacrificial altar of Ru.
  5869 | D:7      | Reached skill level 7 in Unarmed Combat
  6007 | D:7      | Reached skill level 4 in Fighting
  6027 | D:7      | Found Teivon's Distillery.
  6035 | D:7      | Bought a potion of might for 44 gold pieces
  6035 | D:7      | Bought a potion of heal wounds for 55 gold pieces
  6035 | D:7      | Bought a potion of enlightenment for 55 gold pieces
  6035 | D:7      | Bought a potion of resistance for 110 gold pieces
  6069 | D:7      | Reached skill level 5 in Fighting
  6069 | D:7      | Reached XP level 9. HP: 67/81 MP: 9/9
  6143 | D:7      | Reached skill level 2 in Invocations
  6158 | D:7      | Reached skill level 3 in Invocations
  6161 | D:7      | Reached *** piety under Uskayaw
  6163 | D:7      | Reached skill level 4 in Invocations
  6163 | D:7      | Reached skill level 2 in Stealth
  6165 | D:7      | Reached **** piety under Uskayaw
  6166 | D:7      | Reached skill level 4 in Stealth
  6661 | D:7      | Reached skill level 6 in Fighting
  6662 | D:7      | HP: 5/84 [human (7)]
  6663 | D:7      | Slain by a human

Vanquished Creatures
  3 yaks (D:7)
  A human (D:7)
  Edmund (D:6)
  3 water moccasins (D:7)
  3 ice beasts
  A sky beast (D:6)
  2 centaurs
  A phantom (D:4)
  A scorpion (D:7)
  A crimson imp (D:6)
  3 bombardier beetles
  A howler monkey (D:2)
  A hound (D:5)
  A gnoll bouda (D:3)
  An orc priest (D:3)
  2 jellies
  5 iguanas
  3 orc wizards (D:5)
  5 gnolls
  12 adders
  2 river rats (D:3)
  4 ufetubi (D:6)
  7 ribbon worms
  A dart slug (D:2)
  13 orcs
  8 endoplasms
  6 giant cockroaches
  4 goblins
  10 hobgoblins
  9 jackals
  5 kobolds
  4 quokkas
  11 ball pythons
  8 bats
  3 frilled lizards (D:1)
  8 rats
154 creatures vanquished.

Table legend: (Time is in decaauts)
 A = Elapsed time spent in this place.
 B = Non-inter-level travel time spent in this place.
 C = Inter-level travel time spent in this place.
 D = Time resting spent in this place.
 E = Time spent auto-exploring this place.
 F = Levels seen in this place.
 G = Mean time per level.
                   A        B        C        D        E       F      G
               +--------+--------+--------+--------+--------+-----+--------+
         Total |   8299 |   7509 |    790 |    516 |   5376 |   8 | 1037.4 |
       Dungeon |   8283 |   7501 |    782 |    516 |   5376 |   7 | 1183.3 |
        Temple |     15 |      8 |      7 |      0 |      0 |   1 |   15.0 |
               +--------+--------+--------+--------+--------+-----+--------+

Top non-repeatable levels by time:
     D:3: 1667 daAuts
     D:4: 1526 daAuts
     D:6: 1169 daAuts
     D:2: 1101 daAuts
     D:5: 1054 daAuts
     D:7: 896 daAuts
     D:1: 867 daAuts
  Temple: 15 daAuts

Table legend:
 A = Non-vault XP
 B = Vault XP
 C = Vault XP percentage of total XP
 D = Non-vault monster count
 E = Vault monster count
 F = Vault count percentage of total count
                 A         B        C        D         E       F
            +---------+---------+-------+---------+---------+-------
      Total |    3020 |     575 |  16.0 |     133 |      21 |  13.6
            +---------+---------+-------+---------+---------+-------
        D:1 |      47 |       4 |   7.8 |      23 |       2 |   8.0
        D:2 |     134 |       0 |   0.0 |      21 |       0 |   0.0
        D:3 |     152 |      51 |  25.1 |      29 |      10 |  25.6
        D:4 |     267 |      13 |   4.6 |      20 |       1 |   4.8
        D:5 |     464 |      97 |  17.3 |      18 |       5 |  21.7
        D:6 |     345 |     221 |  39.0 |       9 |       2 |  18.2
        D:7 |    1611 |     189 |  10.5 |      13 |       1 |   7.1
            +---------+---------+-------+---------+---------+-------
